 Dungeon Crawl Stone Soup version 0.31-a0-152-g6aa68a64a1 (webtiles) character file.

Game seed: 5893807850532916187

5501 gruber the Grappler (level 10, -2/100 HPs)
             Began as a Troll Fighter on June 10, 2023.
             Slain by an orc warrior
             ... wielding a +0 glaive
              (14 damage)
             ... on level 9 of the Dungeon.
             The game lasted 00:05:20 (6892 turns).

gruber the Grappler (Troll Fighter)                 Turns: 6892, Time: 00:05:21

Health: -2/100     AC:  4    Str: 26    XL:     10   Next: 42%
Magic:  9/9        EV: 14    Int:  8    God:
Gold:   400        SH: 14    Dex:  9    Spells: 9/9 levels left

rFire   . .          .
                       - Unarmed
rCold   . . .        b - +0 kite shield
rNeg    . . .        a - +0 robe
rPois   .            (helmet restricted)
rElec   .            i - scarf {repulsion}
rCorr   .            (gloves unavailable)
SInv    .            (boots unavailable)
Will    .....        v - amulet of reflection
Stlth   +            s - +5 ring of evasion
HPRegen 1.16/turn    (no ring)
MPRegen 0.11/turn

%: repel missiles, reflection
@: no status effects
A: large, unfitting armour, claws 3, regeneration 1, shaggy fur 1, tough skin 1
a: no special abilities


You were on level 9 of the Dungeon.
You visited 2 branches of the dungeon, and saw 10 of its levels.

You collected 400 gold pieces.

Inventory:

Missiles
 G - 2 throwing nets
Armour
 a - a +0 robe (worn)
 b - a +0 kite shield (worn)
 i - a scarf of repulsion (worn)
Jewellery
 s - a +5 ring of evasion (left claw)
 v - an amulet of reflection (around neck)
 H - a ring of flight
Wands
 r - a wand of acid (12)
 w - a wand of paralysis (8)
 y - a wand of flame (18)
 C - a wand of mindburst (2)
Scrolls
 d - a scroll of immolation {unknown}
 h - 3 scrolls of amnesia {unknown}
 l - 5 scrolls of enchant armour {unknown}
 m - 5 scrolls of identify {unknown}
 n - 5 scrolls of fear {unknown}
 p - a scroll of silence {unknown}
 q - 3 scrolls of teleportation {unknown}
 t - a scroll of butterflies {unknown}
 u - 4 scrolls of poison {unknown}
 B - a scroll of acquirement {unknown}
 E - 2 scrolls of noise {unknown}
Potions
 c - a potion of might
 e - 2 potions of haste {unknown}
 f - 2 potions of curing {unknown}
 g - 4 potions of mutation {unknown}
 j - 2 potions of invisibility {unknown}
 k - 3 potions of attraction {unknown}
 o - 3 potions of brilliance {unknown}
 x - a potion of berserk rage {unknown}
 z - a potion of magic {unknown}
 A - a potion of ambrosia {unknown}
 D - a potion of lignification {unknown}
 F - a potion of heal wounds {unknown}


   Skills:
 - Level 6.3 Fighting
 - Level 2.4 Dodging
 - Level 8.0 Shields
 * Level 11.5 Unarmed Combat


You had 9 spell levels left.
You didn't know any spells.
Your spell library contained the following spells:

 Spells                   Type           Power      Damage    Failure   Level
 Magic Dart               Conj           0%         1d3       61%         1
 Blink                    Tloc           0%         N/A       75%         2
 Cigotuvi's Dreadful Rot  Necr/Pois/Air  0%         N/A       75%         2
 Lesser Beckoning         Tloc           0%         N/A       75%         2
 Momentum Strike          Conj/Tloc      0%         3d8       75%         2
 Searing Ray              Conj           0%         2d4       75%         2
 Gell's Gravitas          Tloc           0%         N/A       93%         3
 Ignite Poison            Fire/Tmut/Pois 0%         N/A       93%         3
 Teleport Other           Tloc           0%         N/A       93%         3
 Fulminant Prism          Conj/Hex       0%         3d5       100%        4
 Freezing Cloud           Conj/Ice/Air   0%         6-21      100%        5


Dungeon Overview and Level Annotations

Branches:
Dungeon (9/15)             Temple (1/1) D:7
   Lair: D:8-11         Orc: D:9-12

Altars:
Ashenzari
Cheibriados
Dithmenos
Fedhas
Gozag
Hepliaklqana
Kikubaaqudgha
Makhleb
Nemelex Xobeh
Okawaru
Qazlal
Ru
Sif Muna
Trog
Uskayaw
Vehumet
Xom
Yredelemnul
Zin
The Shining One


Innate Abilities, Weirdness & Mutations

You are too large for most types of armour.
You have claws for hands.
Your natural rate of healing is unusually fast.
You are covered in fur. (AC +1)
You have tough skin. (AC +1)


Message History

You hear some strange, mumbled words.
A puff of flame appears from out of thin air!
The puff of flame misses you. The orc hits you but does no damage.
You scratch the orc warrior.
The orc warrior is lightly wounded.
The orc warrior hits you with a +0 glaive!
Something hits you. You block the orc's attack.
You claw the orc warrior!
The orc warrior is heavily wounded.
The orc warrior barely misses you. Something hits you.
You block the orc's attack.
You scratch the orc warrior but do no damage.
The orc warrior is heavily wounded.
The orc warrior hits you with a +0 glaive!
* * * LOW HITPOINT WARNING * * *
Something hits you.
* * * LOW HITPOINT WARNING * * *
The orc hits you with a +0 mace.
* * * LOW HITPOINT WARNING * * *
Unknown command.
You claw the orc warrior!
The orc warrior is almost dead.
You block the orc warrior's attack.
You hear some strange, mumbled words.
A puff of flame appears from out of thin air!
The puff of flame misses you. You block the orc's attack.
You barely miss the orc warrior.
The orc warrior is almost dead.
You scratch the orc warrior but do no damage.
The orc warrior is almost dead.
The orc warrior hits you with a +0 glaive!
* * * LOW HITPOINT WARNING * * *
Something hits you.
* * * LOW HITPOINT WARNING * * *
The orc hits you with a +0 mace.
* * * LOW HITPOINT WARNING * * *
You closely miss the orc warrior.
The orc warrior is almost dead.
The orc warrior hits you with a +0 glaive!
You die...

##.########
###
#........#
########.#
#.## #..#
##.# #)# ##
#o###...#.
#.@{......
###o......
#...!..
#...#. #8##
##


You could see an orc warrior and an orc.

Vanquished Creatures
  A kobold demonologist (D:9)
  A troll (D:9)
  A shadow (D:6)
  Sigmund (D:6)
  Eustachio (D:4)
  2 wraiths (D:9)
  Grum (D:8)
  A wyvern (D:8)
  A steam dragon (D:7)
  Duvessa (D:6)
  2 ice beasts
  3 sky beasts
  3 orc warriors (D:9)
  3 ogres
  A black bear (D:4)
  4 centaurs
  3 wolves (D:8)
  3 phantoms
  A kobold brigand (D:8)
  3 bullfrogs
  3 scorpions
  9 wights (D:8)
  Dowan (D:6)
  5 hounds
  4 orc priests (D:9)
  2 jellies (D:5)
  8 orc wizards
  5 iguanas
  2 sleepcaps
  A mummy (D:4)
  8 adders
  2 white imps (D:8)
  A worm (D:2)
  2 dart slugs
  28 orcs
  16 ball pythons
  11 endoplasms
  3 giant cockroaches
  9 goblins
  6 hobgoblins
  11 jackals
  11 kobolds
  2 quokkas
  7 bats
  10 frilled lizards
  A hobgoblin zombie (D:4)
  3 orc zombies (D:4)
  2 rats (D:1)
210 creatures vanquished.

Notes
Turn   | Place    | Note
-------+----------+-------------------------------------------
     0 | D:1      | gruber the Troll Fighter began the quest for the Orb.
     0 | D:1      | Reached XP level 1. HP: 22/22 MP: 0/0
    31 | D:1      | Reached XP level 2. HP: 29/29 MP: 1/1
   104 | D:1      | Reached skill level 3 in Unarmed Combat
   248 | D:1      | Reached XP level 3. HP: 30/36 MP: 2/2
   552 | D:2      | Reached skill level 4 in Unarmed Combat
   941 | D:2      | Reached XP level 4. HP: 36/44 MP: 3/3
   975 | D:2      | Identified the +0 ring mail of Fuhy {rPois}
  1033 | D:2      | Found a faded altar of an unknown god.
  1883 | D:3      | Reached skill level 5 in Unarmed Combat
  1890 | D:3      | Found a shadowy altar of Dithmenos.
  1893 | D:3      | Found a burning altar of Makhleb.
  1900 | D:3      | Found a hazy altar of Hepliaklqana.
  1900 | D:3      | Found a hide-covered altar of Uskayaw.
  1926 | D:3      | Found a broken altar of Ashenzari.
  2090 | D:3      | Reached XP level 5. HP: 45/50 MP: 4/4
  2459 | D:4      | Noticed Eustachio
  2502 | D:4      | Killed Eustachio
  2503 | D:4      | Reached skill level 6 in Unarmed Combat
  2503 | D:4      | Reached XP level 6. HP: 58/59 MP: 5/5
  2670 | D:4      | Reached skill level 7 in Unarmed Combat
  2850 | D:4      | Reached skill level 8 in Unarmed Combat
  2850 | D:4      | Reached XP level 7. HP: 59/66 MP: 6/6
  3117 | D:5      | Entered Level 5 of the Dungeon
  3454 | D:5      | Reached XP level 8. HP: 79/79 MP: 7/7
  3460 | D:5      | Reached skill level 5 in Fighting
  3693 | D:6      | Noticed Dowan
  3694 | D:6      | Noticed Duvessa
  3710 | D:6      | Killed Duvessa
  3713 | D:6      | Killed Dowan
  3891 | D:6      | Noticed Sigmund
  3900 | D:6      | Killed Sigmund
  4131 | D:6      | Reached skill level 5 in Shields
  4394 | D:6      | Found a sacrificial altar of Ru.
  4539 | D:6      | Reached XP level 9. HP: 90/91 MP: 8/8
  4765 | D:7      | Found a staircase to the Ecumenical Temple.
  4968 | Temple   | Entered the Ecumenical Temple
  5582 | D:7      | Found a stormy altar of Qazlal.
  5882 | D:8      | You fall into a shaft and drop 1 floor!
  5955 | D:8      | Found a basalt altar of Yredelemnul.
  6101 | D:8      | Found a hide-covered altar of Uskayaw.
  6174 | D:8      | Noticed Grum
  6190 | D:8      | Reached skill level 9 in Unarmed Combat
  6209 | D:8      | Killed Grum
  6427 | D:8      | Reached XP level 10. HP: 97/100 MP: 9/9
  6433 | D:8      | Reached skill level 10 in Unarmed Combat
  6715 | D:9      | Noticed a smoke demon
  6716 | D:9      | Reached skill level 11 in Unarmed Combat
  6892 | D:9      | Slain by an orc warrior

Illustrated notes

Levels and vault maps discovered:
D:1:      lemuel_arrival_room, layout_rooms
D:2:      kb_forest_paths, layout_basic, nicolae_ecumenical_snake_handling
D:3:      layout_loops_ring, minmay_overflow_temple_star_hex,
          palyth_stone_intersect
D:4:      layout_loops_corners, minmay_mini_ossuary, uniq_eustachio
D:5:      cheibrodos_iron_armory, layout_cave_pools
D:6:      nicolae_cairo_tiling_large, layout_cave_pods,
          lemuel_coloured_pillars_altar, uniq_duvessa, uniq_sigmund
D:7:      layout_loops_ring, nicolae_qazlal_scattered_showers,
          minmay_temple_entry_enclosed_plants, minmay_diced_spiral
D:8:      layout_loops_ring, hangedman_feature_mirror, hangedman_glass_teeth,
          uniq_grum
D:9:      layout_long_grid, david_orc_4
Temple:   minmay_temple_forest_path

Skill      XL: |  1  2  3  4  5  6  7  8  9 10 |
---------------+-------------------------------+-----
Unarmed Combat | 3 4 5 6 8 9 11 | 11.5
Fighting       | 4 6 |  6.3
Shields        | 5 8 |  8.0
Dodging        | |  2.4

Action                     |  1- 3 |  4- 6 |  7- 9 | 10-12 || total
---------------------------+-------+-------+-------+-------++-------
  Melee: Unarmed           |   120 |   190 |   277 |    86 ||   673
   Stab: Sleeping          |       |     1 |       |       ||     1
 Armour: Robe              |    49 |    41 |    33 |     4 ||   127
  Dodge: Dodged            |    32 |    73 |    97 |    36 ||   238
         Repelled          |       |     2 |     5 |       ||     7
  Block: Kite shield       |    46 |    62 |   136 |    68 ||   312
         Reflection        |       |       |     3 |     8 ||    11

Table legend: (Time is in decaauts)
 A = Elapsed time spent in this place.
 B = Non-inter-level travel time spent in this place.
 C = Inter-level travel time spent in this place.
 D = Time resting spent in this place.
 E = Time spent auto-exploring this place.
 F = Levels seen in this place.
 G = Mean time per level.
                   A        B        C        D        E       F      G
               +--------+--------+--------+--------+--------+-----+--------+
         Total |   6893 |   6558 |    335 |      4 |   5301 |  10 |  689.3 |
       Dungeon |   6502 |   6213 |    289 |      4 |   4968 |   9 |  722.4 |
        Temple |    390 |    344 |     46 |      0 |    333 |   1 |  390.0 |
               +--------+--------+--------+--------+--------+-----+--------+

Top non-repeatable levels by time:
     D:6: 993 daAuts
     D:2: 943 daAuts
     D:4: 865 daAuts
     D:3: 796 daAuts
     D:7: 787 daAuts
     D:8: 693 daAuts
     D:5: 531 daAuts
     D:1: 520 daAuts
  Temple: 390 daAuts
     D:9: 371 daAuts
